 Dungeon Crawl Stone Soup version 0.18-a0-1186-gd02dc51 (webtiles) character file.

83 Gorice the Skirmisher (level 4, -3/42 HPs)
             Began as a Ghoul Wanderer on Jan 28, 2016.
             Slain by a gnoll (5 damage)
             ... on level 2 of the Dungeon.
             The game lasted 00:04:35 (1360 turns).

Gorice the Skirmisher (Ghoul Wanderer)              Turns: 1360, Time: 00:04:36

Health: -3/42      AC:  6    Str: 16    XL:     4   Next: 44%
Magic:  3/3        EV: 10    Int:  8    God:
Gold:   91         SH:  0    Dex:  7    Spells: 0 memorised, 3 levels left

rFire  . . .     SeeInvis .     n - +0 flail
rCold  + . .     Gourm    .     i - +1 ring mail {rPois}
rNeg   + + +     Faith    .     (no shield)
rPois  ∞         Spirit   .     (no helmet)
rElec  .         Dismiss  .     (no cloak)
rCorr  .         Reflect  .     (no gloves)
SustAt .         Harm     .     (no boots)
MR     .....                    (no amulet)
Stlth  +.........               (no ring)
                                (no ring)

@: rotting, not resistant to hostile enchantments, very unstealthy
A: rotting body, claws 1, carnivore 3, cold resistance 1, negative energy
resistance 3, slow regeneration 1, torment resistance, unbreathing
a: no special abilities


You were on level 2 of the Dungeon.
You were not hungry.

You visited 1 branch of the dungeon, and saw 2 of its levels.

You collected 91 gold pieces.

Inventory:

Hand Weapons
 a - a +2 mace
 k - a cursed -1 dagger
 n - a +0 flail (weapon)
 v - a +1 dagger of venom
   (You took it off a kobold on level 2 of the Dungeon)
Missiles
 l - 5 exploding sling bullets
 Z - 36 stones (quivered)
Armour
 b - a +0 ring mail
 f - a +0 scale mail
 i - a +1 ring mail of poison resistance (worn)
   (You found it on level 1 of the Dungeon)
Scrolls
 e - 2 scrolls of identify {unknown}
 h - a scroll of fog {unknown}
 j - 2 scrolls of magic mapping {unknown}
Potions
 c - 2 potions of curing
 g - a potion of mutation {unknown}
Comestibles
 d - a meat ration {!e}
 m - 4 chunks of flesh


   Skills:
 + Level 5.0 Fighting
   Level 1.0(1.9) Axes
 * Level 2.6(2.7) Maces & Flails
 + Level 2.5 Armour
 - Level 1.1 Stealth
   Level 1.0 Evocations


You had 3 spell levels left.
You didn't know any spells.

Dungeon Overview and Level Annotations

Branches:
Dungeon (2/15)

Altars:
Fedhas
Nemelex Xobeh


Innate Abilities, Weirdness & Mutations

Your body is rotting away.
You thrive on raw meat.
You are immune to poison.
You have sharp fingernails.
You are carnivorous and can eat meat at any time.
Your flesh is cold resistant.
You are immune to negative energy.
You regenerate slowly when monsters are visible.
You are immune to unholy pain and torment.
You can survive without breathing.


Message History

The gnoll closely misses you.
You hit the gnoll but do no damage.
The gnoll is almost dead.
The gnoll hits you but does no damage.
You hit the gnoll.
The gnoll is almost dead.
The gnoll hits you with a flail.
Damage: 5 (max 12)
You barely miss the gnoll.
The gnoll is almost dead.
The gnoll closely misses you.
You barely miss the gnoll.
The gnoll is almost dead.
The gnoll hits you with a flail.
You hit the gnoll but do no damage.
The gnoll is almost dead.
The gnoll barely misses you.
You hit the gnoll but do no damage.
The gnoll is severely wounded.
The gnoll misses you. The gnoll hits you with a flail.
Damage: 5 (max 12)
You hit the gnoll.
The gnoll is almost dead.
The gnoll hits you with a flail!
* * * LOW HITPOINT WARNING * * *
Damage: 7 (max 12)
You thump the gnoll!
You kill the gnoll!
You closely miss the gnoll.
The gnoll hits you but does no damage. x2
The gnoll hits you.
* * * LOW HITPOINT WARNING * * *
Damage: 4 (max 12)
You see here a bat skeleton.
You feel your flesh rotting away.
Eat one of 6 chunks of flesh? (ye/n/q/i?)
You feel more resilient.
This raw flesh tastes great!
You continue eating.
The gnoll closely misses you.
You continue eating.
The gnoll closely misses you.
The gnoll hits you from afar with a spear.
* * * LOW HITPOINT WARNING * * *
Eat one of 5 chunks of flesh? (ye/n/q/i?) This raw flesh tastes great!
The gnoll is no longer unusually agile.
The gnoll closely misses you.
The gnoll hits you from afar with a spear.
* * * LOW HITPOINT WARNING * * *
You continue eating.
The gnoll hits you.
You die...

########.#.###...#.#.............
.................................
#.##.......##...##....#####......
.........................).......
####.#.##.###..###....#####..###.
...............###........#..#
.......##......g..g..........#
####.#######...g###..........#
###.#.#####..#.#@##..........# #.
#..###............#..........# #.
#.#.#.#####..#.#.##.#........# #.
#.##.## #..#....##.#.###.#### #.
#.##.# #.###.#.##.......# #.
#.##.####..###.#.####..#### #.
#.##...........#.# #..# ##.
#...####..######.# #..# #.. ###.#
##..# #.# #..# ##.#


You could see 2 gnolls.

Vanquished Creatures
  2 gnolls (D:2)
  2 adders (D:2)
  An ooze (D:2)
  2 giant geckos (D:2)
  A ball python (D:1)
  6 bats
  4 giant cockroaches
  2 goblins
  4 hobgoblins (D:2)
  2 jackals (D:2)
  3 giant newts (D:1)
  4 kobolds
  6 rats
  A bush (D:1)
40 creatures vanquished.

Notes
Turn   | Place    | Note
--------------------------------------------------------------
     0 | D:1      | Gorice the Ghoul Wanderer began the quest for the Orb.
     0 | D:1      | Gorice set off with: a +2 mace, a +0 ring mail, a potion of curing, a meat ration {!e}
     0 | D:1      | Reached XP level 1. HP: 22/22 MP: 0/0
   160 | D:1      | Reached XP level 2. HP: 25/28 MP: 1/1
   331 | D:1      | Found a sparkling altar of Nemelex Xobeh.
   988 | D:2      | Reached skill level 2 in Armour
   994 | D:2      | Reached XP level 3. HP: 25/34 MP: 2/2
  1039 | D:2      | Reached skill level 2 in Maces & Flails
  1172 | D:2      | Reached XP level 4. HP: 40/40 MP: 3/3
  1209 | D:2      | Found a blossoming altar of Fedhas.
  1290 | D:2      | Reached skill level 5 in Fighting
  1343 | D:2      | HP: 6/42 [gnoll/flail (7)]
  1349 | D:2      | HP: 2/42 [gnoll (4)]
  1358 | D:2      | HP: 3/42 [gnoll/spear (5)]
  1360 | D:2      | Slain by a gnoll

Vault maps used:
D:1:      dpeg_arrival_shelter, serial_forest, infiniplex_forest_split,
          infiniplex_forest_clump_long, infiniplex_forest_clump_tiny,
          infiniplex_forest_lined_2, infiniplex_forest_split,
          infiniplex_forest_clump_cross, nemelex_xobeh_ov_fountains_minmay
D:2:      nicolae_overflow_hidden_temple, hangedman_decor_growths,
          minmay_lizard_king

Action                   |  1- 3 |  4- 6 || total
-------------------------+-------+-------++-------
Melee: Mace              |   207 |     7 ||   214
       Flail             |       |    20 ||    20
  Eat: Chunk             |    11 |     8 ||    19

Table legend:
 A = Turns spent in this place as a percentage of turns spent in the entire game.
 B = Non-inter-level travel turns spent in this place as a percentage of non-inter-level travel turns spent in the entire game.
 C = Inter-level travel turns spent in this place as a percentage of turns spent in this place.
 D = Turns resting spent in this place as a percentage of non-inter-level travel turns spent in this place.
 E = Turns spent auto-exploring this place as a percentage of non-inter-level travel turns spent in this place.
 F = Non-inter-level travel turns spent in this place divided by the number of levels of this place that you've seen.
                   A       B       C       D       E      F
               +-------+-------+-------+-------+-------+----------------------
         Total | 100.0 | 100.0 |   0.3 |   0.0 |   4.9 | 350.0
       Dungeon | 100.0 | 100.0 |   0.3 |   0.0 |   4.9 | 350.0
               +-------+-------+-------+-------+-------+----------------------

Vault maps used:
D:1:      dpeg_arrival_shelter, serial_forest, infiniplex_forest_split,
          infiniplex_forest_clump_long, infiniplex_forest_clump_tiny,
          infiniplex_forest_lined_2, infiniplex_forest_split,
          infiniplex_forest_clump_cross, nemelex_xobeh_ov_fountains_minmay
D:2:      nicolae_overflow_hidden_temple, hangedman_decor_growths,
          minmay_lizard_king
